 Dungeon Crawl Stone Soup version 0.31-a0-188-g5e087ee2ca (webtiles) character file.

Game seed: 11273353551200575897

92 qw the Shooter (level 4, -2/25 HPs)
             Began as a Deep Elf Hunter on June 23, 2023.
             Slain by a black bear (4 damage)
             ... on level 4 of the Dungeon.
             The game lasted 00:00:36 (1501 turns).

qw the Shooter (Deep Elf Hunter)                    Turns: 1501, Time: 00:00:37

Health: -2/25      AC:  5    Str: 10    XL:     4   Next: 35%
Magic:  6/6        EV: 11    Int: 14    God:
Gold:   92         SH:  0    Dex: 24    Spells: 3/3 levels left

rFire   . . .        Y - +1 shortbow
rCold   . . .        (shield currently unavailable)
rNeg    . . .        g - +0 ring mail
rPois   .            (no helmet)
rElec   .            (no cloak)
rCorr   .            (no gloves)
SInv    .            (no boots)
Will    .....        (no amulet)
Stlth   ++           d - +6 ring of dexterity
HPRegen 0.24/turn    (no ring)
MPRegen 0.10/turn

%: no passive effects
@: no status effects
A: no striking features
a: no special abilities


You were on level 4 of the Dungeon.
You visited 1 branch of the dungeon, and saw 4 of its levels.

You collected 92 gold pieces.


   Skills:
 - Level 1.5 Fighting
 + Level 7.8 Ranged Weapons
 - Level 2.4 Dodging
 - Level 1.2 Stealth


You had 3 spell levels left.
You didn't know any spells.
Your spell library was empty.

Inventory:

Hand Weapons
 Y - a +1 shortbow (weapon)
Armour
 g - a +0 ring mail (worn)
Jewellery
 d - a +6 ring of dexterity (left hand)
Scrolls
 c - 2 scrolls of identify
Potions
 a - a potion of degeneration {unknown}
 e - a potion of enlightenment {unknown}
 f - a potion of haste {unknown}
 i - a potion of curing {unknown}

Dungeon Overview and Level Annotations

Branches:
Dungeon (4/15)
 Temple: D:4-7

Altars:


Message History

A black bear comes into view.
Found a yellow potion.
You shoot an arrow. The arrow closely misses the adder.
The black bear growls angrily.
You shoot an arrow. The arrow misses the adder.
You shoot an arrow. The arrow barely misses the adder.
The adder bites you but does no damage. The adder closely misses you.
You shoot an arrow. The arrow hits the adder.
The adder is heavily wounded.
The adder bites you but does no damage.
You shoot an arrow. The arrow hits the adder!
You kill the adder!
The black bear bites you. The black bear barely misses you.
The black bear closely misses you.
You shoot an arrow. The arrow hits the black bear!
The black bear is heavily wounded.
The black bear bites you but does no damage.
The black bear claws you but does no damage.
The black bear claws you.
You shoot an arrow.
The arrow closely misses the black bear.
The black bear bites you but does no damage.
The black bear claws you but does no damage.
The black bear barely misses you. x2; The black bear claws you. x2
You shoot an arrow. The arrow hits the black bear.
The black bear is heavily wounded.
The black bear bites you! The black bear barely misses you. x2
You shoot an arrow.
The arrow hits the black bear but does no damage.
The black bear is heavily wounded.
The black bear bites you! The black bear closely misses you.
The black bear misses you.
You shoot an arrow. The arrow hits the black bear.
The black bear is heavily wounded.
The black bear bites you but does no damage.
The black bear claws you. The black bear misses you.
You shoot an arrow. The arrow hits the black bear.
The black bear is severely wounded.
The black bear bites you.
You die...

# # # ##### ##
.....#### .#
.[......### .#
!.$...h...# .###
.)..).%@..# ...####
.....###..##
......#########.....#
....................#
....................#
#####..[........#####
#############


You could see a black bear.

Vanquished Creatures
  A gnoll (D:1)
  3 adders
  2 worms
  3 orcs (D:3)
  5 ball pythons (D:2)
  2 bats (D:2)
  3 endoplasms
  5 goblins
  3 hobgoblins
  3 jackals (D:2)
  2 quokkas
  3 frilled lizards
  7 kobolds
  3 rats
45 creatures vanquished.

Notes
Turn   | Place    | Note
-------+----------+-------------------------------------------
     0 | D:1      | qw the Deep Elf Hunter began the quest for the Orb.
     0 | D:1      | Reached XP level 1. HP: 12/12 MP: 3/3
     0 | D:1      | 0 ||| qw: Version: 0.3-a-9-g12657ce
     0 | D:1      | 0 ||| qw: Game counter: 4027
     0 | D:1      | 0 ||| qw: Always use a shield: true
     0 | D:1      | 0 ||| qw: God list: Okawaru
     0 | D:1      | 0 ||| qw: Allow faded altars: false
     0 | D:1      | 0 ||| qw: Do Orc after D:15 true
     0 | D:1      | 0 ||| qw: Do second Lair branch before Depths: true
     0 | D:1      | 0 ||| qw: Lair rune preference: random
     0 | D:1      | 0 ||| qw: Plans: Normal
     0 | D:1      | 0 ||| PLANNING D:1-11
   135 | D:1      | Reached skill level 6 in Ranged Weapons
   135 | D:1      | Reached XP level 2. HP: 11/16 MP: 4/4
   502 | D:1      | 502 ||| UPGRADING to +0 ring mail.
   512 | D:1      | 512 ||| DROPPING +0 leather armour.
   513 | D:1      | 513 ||| READING scroll labelled FURRE YCREDGHO.
   514 | D:1      | 514 ||| READING scroll labelled CEYCSA WEOXI.
   515 | D:1      | 515 ||| READING scroll labelled ABAIREMARY.
   516 | D:1      | 516 ||| READING scroll labelled QAGAATYRCHOI.
   517 | D:1      | 517 ||| DROPPING scroll of butterflies.
   552 | D:2      | Reached XP level 3. HP: 20/20 MP: 5/5
   828 | D:2      | Reached skill level 7 in Ranged Weapons
   879 | D:2      | HP: 4/20 [jackal (3)]
  1021 | D:2      | 1021 ||| UPGRADING to +6 ring of dexterity.
  1022 | D:2      | 1022 ||| READING scroll labelled QEBROH CAUSYE.
  1023 | D:2      | 1023 ||| READING scroll labelled VIOBBE TAESTUR.
  1082 | D:3      | Reached XP level 4. HP: 25/25 MP: 6/6
  1392 | D:3      | 1392 ||| READING scroll labelled ITI SOUCVEP.
  1393 | D:3      | 1393 ||| READING scroll labelled OSI NYAMIWUASY.
  1394 | D:3      | 1394 ||| READING 2 scrolls of identify.
  1394 | D:3      | 1394 ||| IDENTIFYING fizzy dark potion
  1395 | D:3      | 1395 ||| DROPPING potion of lignification.
  1490 | D:4      | Noticed a black bear
  1499 | D:4      | HP: 5/25 [black bear (7)]
  1500 | D:4      | HP: 1/25 [black bear (4)]
  1501 | D:4      | Slain by a black bear

Levels and vault maps discovered:
D:1:      dpeg_arrival_rooms_a, layout_basic, hangedman_abyss_or_decor_stabs
D:2:      layout_rooms
D:3:      layout_rooms
D:4:      kennysheep_spiral_hall, layout_basic,
          mainiacjoe_overflow_six_doors_small, nicolae_overflow_crystal_walls,
          minmay_goblin_kobold_house, uniq_robin

Skill      XL: |  1  2  3 |
---------------+----------+-----
Ranged Weapons | 6 7 |  7.8
Fighting       | |  1.5
Dodging        | |  2.4
Stealth        | |  1.2

Action                     |  1- 3 |  4- 6 || total
---------------------------+-------+-------++-------
   Fire: Shortbow          |    87 |    33 ||   120
    Use: Scroll            |     6 |     3 ||     9
 Armour: Leather armour    |     2 |       ||     2
         Ring mail         |    17 |     9 ||    26
  Dodge: Dodged            |    20 |    10 ||    30

Table legend:
 A = Non-vault XP
 B = Vault XP
 C = Vault XP percentage of total XP
 D = Non-vault monster count
 E = Vault monster count
 F = Vault count percentage of total count
                 A         B        C        D         E       F
            +---------+---------+-------+---------+---------+-------
      Total |     128 |       4 |   3.0 |      43 |       2 |   4.4
            +---------+---------+-------+---------+---------+-------
        D:1 |      25 |       0 |   0.0 |       7 |       0 |   0.0
        D:2 |      57 |       0 |   0.0 |      20 |       0 |   0.0
        D:3 |      32 |       0 |   0.0 |      15 |       0 |   0.0
        D:4 |      14 |       4 |  22.2 |       1 |       2 |  66.7
            +---------+---------+-------+---------+---------+-------
